 Dungeon Crawl Stone Soup version 0.30-a0-269-gf0224bf7b6 (webtiles) character file.

Game seed: 3485833938933089107

58 billz999 the Ruffian (level 3, -8/36 HPs)
             Began as a Troll Monk on Oct 15, 2022.
             Mangled by an ogre
             ... wielding a +0 giant club
              (22 damage)
             ... on level 2 of the Dungeon.
             The game lasted 00:02:13 (1451 turns).

billz999 the Ruffian (Troll Monk)                   Turns: 1451, Time: 00:02:14

Health: -8/36      AC:  4    Str: 21    XL:     3   Next: 76%
Magic:  2/2        EV: 10    Int:  6    God:
Gold:   135        SH:  0    Dex: 12    Spells: 2/2 levels left

rFire   . . .      SeeInvis .      - Unarmed
rCold   . . .      Faith    .    (no shield)
rNeg    . . .      Spirit   .    a - +0 robe
rPois   .          Reflect  .    (helmet restricted)
rElec   .          Harm     .    (no cloak)
rCorr   .          Rampage  .    (gloves unavailable)
Will    .....                    (boots unavailable)
Stlth   ++........               (no amulet)
HPRegen 1.06/turn                (no ring)
MPRegen 0.08/turn                (no ring)

@: weak-willed
A: large, unfitting armour, claws 3, regeneration 1, shaggy fur 1, tough skin 1
a: no special abilities


You were on level 2 of the Dungeon.
You visited 1 branch of the dungeon, and saw 2 of its levels.

You collected 135 gold pieces.

Inventory:

Missiles
 h - 6 stones (quivered)
Armour
 a - a +0 robe (worn)
Scrolls
 d - a scroll of summoning {unknown}
 f - a scroll of acquirement {unknown}
 g - a scroll of immolation {unknown}
 j - a scroll of identify {unknown}
 k - a scroll of silence {unknown}
 l - a scroll of enchant weapon {unknown}
Potions
 b - a potion of ambrosia
 c - a potion of invisibility {unknown}
 i - a potion of attraction {unknown}


   Skills:
 - Level 2.7 Fighting
 - Level 2.7 Dodging
 - Level 1.3 Stealth
 + Level 3.8 Unarmed Combat


You had 2 spell levels left.
You didn't know any spells.
Your spell library contained the following spells:

 Spells                   Type           Power      Damage    Failure   Level
 Sting                    Tmut/Pois      0%         1d3       45%         1
 Poisonous Vapours        Pois/Air       0%         N/A       58%         2
 Olgreb's Toxic Radiance  Pois           0%         N/A       99%         4


Dungeon Overview and Level Annotations

Branches:
Dungeon (2/15)

Altars:


Innate Abilities, Weirdness & Mutations

You are too large for most types of armour.
You have claws for hands.
Your natural rate of healing is unusually fast.
You are covered in fur. (AC +1)
You have tough skin. (AC +1)


Message History

The goblin is moderately wounded.
The goblin hits you with a +0 club.
You barely miss the goblin.
The goblin is moderately wounded.
The goblin hits you with a +0 club.
You scratch the goblin.
You kill the goblin!
No target in view!
Things that are here:
a +0 club; a goblin corpse You see here an adder corpse.
You see here a +0 short sword.
A goblin comes into view. It is wielding a +0 club.
A goblin is nearby!
A goblin is nearby!
The goblin shouts!
You claw the goblin!
You kill the goblin!
No target in view!
You see here a +0 club.
An ogre is nearby!
An ogre is nearby!
An ogre is nearby!
The ogre shouts!
You don't know any spells.
Sorry, you're not good enough to have a special ability.
Unknown command.
Unknown command.
The ogre attacks as you move away! The ogre hits you with a +0 giant club!
The ogre attacks as you move away!
The ogre hits you with a +0 giant club!!
Ouch! That really hurt!
* * * LOW HITPOINT WARNING * * *
You see here a +0 club.
As you read the scroll labelled TEFINE YXZI, it crumbles to dust.
Magic quickly surges around you.
It was a scroll of vulnerability.
The ogre attacks as you move away!
The ogre hits you with a +0 giant club!!
Ouch! That really hurt!
You die...

#...##.#
#.#.##.#
#.#..#.#
#.##.#.#####
##.##.#.....#
#..##รท#####.##
#.###.# #..####
#.# #.#
##....## #@#
#.# ####..# #O#
#.# ##.. #.#
#.## ##. #.#
#..# ##### #)#
##.# ###....
#.# #.# #......
#.# #.#
##.###.. #.#
#.# ##..# ###
#.# #.# #..####


You could see an ogre (weak-willed).

Vanquished Creatures
  3 adders (D:2)
  A ball python (D:1)
  5 endoplasms
  A giant cockroach (D:1)
  4 goblins (D:2)
  3 hobgoblins (D:2)
  A quokka (D:2)
  6 bats
  5 frilled lizards
  A kobold (D:1)
  A rat (D:1)
31 creatures vanquished.

Notes
Turn   | Place    | Note
-------+----------+-------------------------------------------
     0 | D:1      | billz999 the Troll Monk began the quest for the Orb.
     0 | D:1      | Reached XP level 1. HP: 22/22 MP: 0/0
   236 | D:1      | Reached XP level 2. HP: 25/29 MP: 1/1
   755 | D:2      | Noticed an ogre
  1042 | D:2      | Reached XP level 3. HP: 30/36 MP: 2/2
  1451 | D:2      | Mangled by an ogre

Illustrated notes

Levels and vault maps discovered:
D:1:      lightli_arrival_chessboard, layout_basic, roderic_roman_lattice,
          chequers_hall_statues_wall_a
D:2:      layout_rooms, serial_curves, eino_curves_04, eino_curves_04,
          chequers_ecumenical_altar_twisty, nrook_uturn, minmay_tetromino_s4

Action                   || total
-------------------------++-------
Melee: Unarmed           ||    87
       Punch             ||     3
  Use: Scroll            ||     1
 Stab: Sleeping          ||     1
Armor: Robe              ||    35
Dodge: Dodged            ||    49

Table legend: (Time is in decaauts)
 A = Elapsed time spent in this place.
 B = Non-inter-level travel time spent in this place.
 C = Inter-level travel time spent in this place.
 D = Time resting spent in this place.
 E = Time spent auto-exploring this place.
 F = Levels seen in this place.
 G = Mean time per level.
                   A        B        C        D        E       F      G
               +--------+--------+--------+--------+--------+-----+--------+
         Total |   1445 |   1343 |    102 |     17 |   1104 |   2 |  722.5 |
       Dungeon |   1445 |   1343 |    102 |     17 |   1104 |   2 |  722.5 |
               +--------+--------+--------+--------+--------+-----+--------+

Top non-repeatable levels by time:
     D:1: 758 daAuts
     D:2: 686 daAuts
